 Dungeon Crawl Stone Soup version 0.25-a0-613-gf4b266557c (webtiles) character file.

Game seed: 4948273000482665347, levelgen mode: deterministic

2140 Kohma the Tainter (level 9, -9/52 HPs)
             Began as a Gargoyle Venom Mage on Mar 17, 2020.
             Was an Initiate of Ashenzari.
             Killed from afar by Maggie (26 damage)
             ... with a bolt of fire
             ... on level 7 of the Dungeon.
             The game lasted 00:22:01 (6244 turns).

Kohma the Tainter (Gargoyle Venom Mage)             Turns: 6244, Time: 00:22:02

Health: -9/52      AC: 11    Str: 12    XL:     9   Next: 30%
Magic:  9/18       EV: 12    Int: 19    God:    Ashenzari [......]
Gold:   296        SH:  0    Dex: 10    Spells: 7/20 levels left

rFire    . . .     SeeInvis .   h - +3 hunting sling
rCold    . . .     Gourm    .   (no shield)
rNeg     + . .     Faith    .   a - +0 robe
rPois    ∞         Spirit   .   (no helmet)
rElec    +         Reflect  .   (no cloak)
rCorr    .         Harm     .   t - +0 pair of gloves
MR       +....                  (no boots)
Stlth    ++........             A - amulet of regeneration
HPRegen  0.57/turn              v - ring of protection from magic
MPRegen  0.16/turn              e - +2 ring of protection

@: no status effects
A: negative energy resistance 1, electricity resistance, unbreathing,
petrification resistance, rot immunity, AC +6
a: Curse Item, Renounce Religion


You were on level 7 of the Dungeon.
You worshipped Ashenzari.
Ashenzari was noncommittal.
You were not hungry.

You visited 2 branches of the dungeon, and saw 8 of its levels.

You collected 296 gold pieces.

Inventory:

Hand Weapons
 d - a +0 dagger
 h - a +3 hunting sling (weapon)
 E - a +2 flail of protection
Missiles
 g - 14 boomerangs
 l - 158 stones
 m - 5 sling bullets (quivered)
 B - 14 poisoned darts
Armour
 a - a +0 robe (worn)
 t - a +0 pair of gloves (worn)
Jewellery
 e - a +2 ring of protection (right hand)
 p - an uncursed ring of see invisible
 v - a ring of protection from magic (left hand)
 A - an amulet of regeneration (around neck)
Wands
 b - a wand of clouds (6)
 y - a wand of digging (9)
Scrolls
 f - 2 scrolls of fog
 k - 3 scrolls of teleportation
 s - a scroll of blinking
 u - 2 scrolls of amnesia
Potions
 i - a potion of curing
 j - a potion of brilliance
 o - a potion of stabbing
 q - a potion of heal wounds
 w - 3 potions of flight
 F - a potion of magic
Comestibles
 c - 8 rations
 n - a chunk of flesh


   Skills:
 + Level 4.3 Fighting
 + Level 1.3 Armour
 + Level 2.0 Dodging
 - Level 2.2 Stealth
 - Level 6.0 Spellcasting
 - Level 2.3 Conjurations
 - Level 2.2 Transmutations
 - Level 2.1 Fire Magic
 - Level 2.1 Air Magic
 - Level 8.0 Poison Magic


You had 7 spell levels left.
You knew the following spells:

 Your Spells              Type           Power        Failure   Level  Hunger
a - Sting                 Tmut/Pois      ####         1%          1    None
b - Poisonous Vapours     Pois/Air       ####..       2%          2    None
c - Ignite Poison         Fire/Tmut/Pois ###.....     6%          3    ##.....
d - Mephitic Cloud        Conj/Pois/Air  ###.....     6%          3    ##.....
e - Olgreb's Toxic Radia  Pois           #####...     4%          4    ####...

Your spell library contained the following spells:

 Spells                   Type           Power        Failure   Level  Hunger


Dungeon Overview and Level Annotations

Branches:
Dungeon (7/15)             Temple (1/1) D:6

Altars:
Ashenzari
Cheibriados
Dithmenos
Elyvilon
Fedhas
Gozag
Hepliaklqana
Kikubaaqudgha
Makhleb
Nemelex Xobeh
Okawaru
Qazlal
Ru
Sif Muna
Trog
Uskayaw
Vehumet
Wu Jian
Xom
Yredelemnul
Zin
The Shining One

Shops:
D:6 *   D:7 ?

Annotations:
D:7 Maggie


Innate Abilities, Weirdness & Mutations

You are resistant to torment.
Your stone body is resilient. (AC +6)
You are immune to poison.
You resist negative energy. (rN+)
You are resistant to electric shocks. (rElec)
You can survive without breathing.
You are immune to petrification.
You are immune to rotting.


Message History

Casting: Sting (safe; 1% risk of failure)
Confirm with . or Enter, or press ? or * to list all spells.
Aiming: Sting (safe; 1% risk of failure)
Press: ? - help, Shift-Dir - straight line, f/p - Maggie
Aim: Maggie, wielding a +0 glaive and wearing +0 swamp dragon scales (moderately wounded, very poisoned)
The sting hits Maggie but does no damage.
Maggie looks even sicker.
Maggie is moderately wounded.
The orc barely misses you.
Casting: Sting (safe; 1% risk of failure)
Confirm with . or Enter, or press ? or * to list all spells.
Aiming: Sting (safe; 1% risk of failure)
Press: ? - help, Shift-Dir - straight line, f/p - Maggie
Aim: Maggie, wielding a +0 glaive and wearing +0 swamp dragon scales (moderately wounded, very poisoned)
The sting hits Maggie.
Maggie partially resists.
Maggie is heavily wounded.
Maggie gestures at you while chanting. The bolt of fire hits you!!
Ouch! That really hurt!
You die...

#### ##... #.. .∩.
###.#### #.# #
#./....#####8#######
##..###.....#.##..........
....@......###.#.#########
#..###@..## ##..# #.o.##
##.# #.##@# .## #.##..# #
#o.....# ##### ..##.....
#..... #......... +.####
...#####..# ##. ..# .#


You could see Maggie and an orc.

Vanquished Creatures
  A troll (D:4)
  Grinder (D:4)
  Duvessa (D:4)
  2 sky beasts
  An orc warrior (D:6)
  2 ice beasts
  3 ogres (D:4)
  A centaur (D:6)
  2 bullfrogs (D:6)
  Dowan (D:4)
  A howler monkey (D:6)
  A centaur zombie (D:5)
  2 hounds (D:4)
  A jelly (D:5)
  5 orc priests
  A centaur skeleton (D:5)
  An iguana (D:5)
  2 orc wizards (D:6)
  3 worker ants
  A hound skeleton (D:5)
  A worker ant zombie (D:5)
  4 gnolls (D:5)
  5 adders
  An adder skeleton (D:6)
  An adder zombie (D:6)
  A worm (D:4)
  3 dart slugs
  A leopard gecko (D:3)
  12 orcs
  A ball python (D:1)
  6 giant cockroaches
  8 goblins
  7 hobgoblins
  5 jackals (D:2)
  10 kobolds
  A quokka (D:4)
  3 bats (D:3)
  8 frilled lizards
  A giant cockroach zombie (D:6)
  A jackal skeleton (D:4)
  A quokka skeleton (D:4)
  A quokka zombie (D:7)
  6 rats
121 creatures vanquished.

Notes
Turn   | Place    | Note
-------+----------+-------------------------------------------
     0 | D:1      | Kohma the Gargoyle Venom Mage began the quest for the Orb.
     0 | D:1      | Reached XP level 1. HP: 10/10 MP: 3/3
   135 | D:1      | Reached skill level 1 in Transmutations
   244 | D:1      | Reached XP level 2. HP: 12/15 MP: 3/5
   248 | D:1      | Learned a level 2 spell: Poisonous Vapours
   723 | D:2      | Reached XP level 3. HP: 3/19 MP: 3/6
  1261 | D:2      | You fall into a shaft and drop 2 floors!
  1376 | D:3      | Reached skill level 1 in Air Magic
  1411 | D:2      | Found a bloodstained altar of Trog.
  1419 | D:2      | Reached XP level 4. HP: 24/24 MP: 7/7
  1684 | D:3      | Learned a level 3 spell: Ignite Poison
  2155 | D:3      | Reached XP level 5. HP: 28/28 MP: 9/9
  2160 | D:3      | Learned a level 3 spell: Mephitic Cloud
  2166 | D:3      | Noticed an ice beast
  2190 | D:3      | Killed an ice beast
  2190 | D:3      | Reached skill level 4 in Poison Magic
  2272 | D:3      | Found a blossoming altar of Fedhas.
  2779 | D:4      | Reached XP level 6. HP: 32/32 MP: 10/10
  2898 | D:4      | Reached skill level 1 in Conjurations
  2898 | D:4      | Reached skill level 1 in Fire Magic
  3036 | D:4      | Reached XP level 7. HP: 36/36 MP: 5/12
  3118 | D:4      | Noticed Duvessa
  3131 | D:4      | Killed Duvessa
  3131 | D:4      | Noticed Dowan
  3252 | D:4      | Killed Dowan
  3252 | D:4      | Reached skill level 5 in Poison Magic
  3823 | D:4      | Noticed Grinder
  3834 | D:4      | Killed Grinder
  3834 | D:4      | Reached XP level 8. HP: 26/41 MP: 4/15
  3949 | D:4      | Learned a level 4 spell: Olgreb's Toxic Radiance
  3959 | D:4      | Noticed a troll
  3964 | D:4      | Killed a troll
  3964 | D:4      | Reached skill level 1 in Fighting
  3964 | D:4      | Reached skill level 5 in Spellcasting
  3964 | D:4      | Reached skill level 6 in Poison Magic
  4200 | D:5      | Entered Level 5 of the Dungeon
  4689 | D:5      | Reached skill level 7 in Poison Magic
  5207 | D:6      | Reached XP level 9. HP: 37/51 MP: 6/17
  5240 | D:6      | Found Wojoaxjodu's Whimsical Warehouse.
  5497 | D:6      | Found a staircase to the Ecumenical Temple.
  5507 | Temple   | Entered the Ecumenical Temple
  5680 | Temple   | Became a worshipper of Ashenzari the Shackled
  5754 | D:6      | Reached skill level 8 in Poison Magic
  5886 | D:6      | Reached skill level 1 in Armour
  6216 | D:7      | Found Koinni's Magic Scroll Shoppe.
  6228 | D:7      | Noticed Maggie
  6244 | D:7      | Killed from afar by Maggie

Levels and vault maps discovered:
D:1:      minmay_arrival_plants_in_alcoves, layout_basic,
          minmay_misc_feat_four_crosses, minmay_pentomino_q2
D:2:      layout_rooms, bloody_trog
D:3:      layout_loops_ring, fedhas_ov_isle_minmay
D:4:      layout_basic, first_ration, uniq_duvessa, uniq_grinder
D:5:      layout_rooms, minmay_misc_feat_columns
D:6:      layout_basic, minmay_temple_entry_waves, nicolae_alphabet_shops
D:7:      layout_loops_ring, biasface_ghost_orc_armoury, serial_shops,
          nicolae_shop_behind_doors, nicolae_shop_stone,
          nicolae_shop_statue_plus, uniq_pikel, uniq_maggie, uniq_prince_ribbit1
Temple:   compressed_dpeg_triangle_lava_temple

Skill      XL: |  1  2  3  4  5  6  7  8  9 |
---------------+----------------------------+-----
Transmutations | 1 2 |  2.2
Air Magic      | 1 2 |  2.1
Spellcasting   | 3 4 5 6 |  6.0
Poison Magic   | 4 5 7 8 |  8.0
Conjurations   | 1 2 |  2.3
Fire Magic     | 1 2 |  2.1
Fighting       | 3 4 |  4.3
Armour         | 1 |  1.3
Dodging        | 2 |  2.0
Stealth        | |  2.2

Action                   |  1- 3 |  4- 6 |  7- 9 || total
-------------------------+-------+-------+-------++-------
Melee: Dagger            |    18 |       |       ||    18
 Fire: Hunting sling     |    43 |    33 |    99 ||   175
Throw: Boomerang         |    23 |       |       ||    23
 Cast: Sting             |    18 |    17 |    29 ||    64
       Poisonous Vapours |       |    25 |    68 ||    93
       Ignite Poison     |       |     2 |    12 ||    14
       Mephitic Cloud    |       |       |     4 ||     4
  Use: Scroll            |       |     3 |    12 ||    15
 Stab: Sleeping          |     1 |       |       ||     1
  Eat: Chunk             |     2 |     6 |    11 ||    19
Armor: Robe              |    19 |     9 |    55 ||    83
Dodge: Dodged            |    42 |    13 |    46 ||   101

Table legend:
 A = Non-vault XP
 B = Vault XP
 C = Vault XP percentage of total XP
 D = Non-vault monster count
 E = Vault monster count
 F = Vault count percentage of total count
                 A         B        C        D         E       F
            +---------+---------+-------+---------+---------+-------
      Total |    2576 |     482 |  15.8 |     118 |       3 |   2.5
            +---------+---------+-------+---------+---------+-------
        D:1 |      25 |       0 |   0.0 |      13 |       0 |   0.0
        D:2 |      40 |       0 |   0.0 |      15 |       0 |   0.0
        D:3 |     251 |       0 |   0.0 |      35 |       0 |   0.0
        D:4 |     770 |     482 |  38.5 |      14 |       3 |  17.6
        D:5 |     577 |       0 |   0.0 |      17 |       0 |   0.0
        D:6 |     912 |       0 |   0.0 |      23 |       0 |   0.0
        D:7 |       1 |       0 |   0.0 |       1 |       0 |   0.0
            +---------+---------+-------+---------+---------+-------
